 Dungeon Crawl Stone Soup version 0.19-a0-47-g1fa3c7d (webtiles) character file.

91 AlphabetPasta the Stinger (level 4, -1/28 HPs)
             Began as a High Elf Venom Mage on May 8, 2016.
             Was an Initiate of Sif Muna.
             Slain by an adder (2 damage)
             ... on level 3 of the Dungeon.
             The game lasted 00:12:33 (2199 turns).

AlphabetPasta the Stinger (High Elf Venom Mage)     Turns: 2199, Time: 00:12:35

Health: -1/28      AC:  4    Str:  7    XL:     4   Next: 33%
Magic:  6/10       EV: 12    Int: 20    God:    Sif Muna [......]
Gold:   81         SH:  0    Dex: 15    Spells: 4 memorised, 0 levels left

rFire  . . .     SeeInvis .     (no weapon)
rCold  . . .     Gourm    .     a - +0 robe
rNeg   . . .     Faith    .     (no shield)
rPois  .         Spirit   .     o - +0 helmet
rElec  .         Dismiss  .     (no cloak)
rCorr  .         Reflect  .     l - +0 pair of gloves
SustAt .         Harm     .     (no boots)
MR     .....                    (no amulet)
Stlth  ++........               (no ring)
                                (no ring)

@: lethally poisoned (-1 -> -10), not resistant to hostile enchantments,
unstealthy
A: no striking features
a: Renounce Religion


You were on level 3 of the Dungeon.
You worshipped Sif Muna.
Sif Muna was noncommittal.
You were not hungry.

You visited 1 branch of the dungeon, and saw 3 of its levels.

You collected 81 gold pieces.

Inventory:

Missiles
 h - 8 javelins (quivered)
 n - 6 poisoned javelins
Armour
 a - a +0 robe (worn)
 l - a +0 pair of gloves (worn)
 o - a +0 helmet (worn)
Jewellery
 f - an uncursed ring of resist corrosion {unknown}
 k - an uncursed ring of protection from cold {unknown}
 m - a +4 ring of evasion {unknown}
Scrolls
 d - 2 scrolls of identify {unknown}
 e - a scroll of immolation {unknown}
Potions
 g - a potion of heal wounds {unknown}
Books
 b - a Young Poisoner's Handbook

   Spells                             Type                      Level
   a - Sting                          Conjuration/Poison           1
   b - Cure Poison                    Poison                       2
   c - Mephitic Cloud                 Conjuration/Poison/Air       3
   d - Olgreb's Toxic Radiance        Poison                       4
   e - Venom Bolt                     Conjuration/Poison           5
Comestibles
 c - 3 bread rations
 j - 3 meat rations


   Skills:
 - Level 1.2 Fighting
 + Level 0.4 Throwing
 - Level 2.1 Dodging
 - Level 2.1 Stealth
 * Level 3.8 Spellcasting
 + Level 0.2 Air Magic
 * Level 3.9 Poison Magic


You couldn't memorise any spells.
You knew the following spells:

 Your Spells              Type           Power        Failure   Level  Hunger
a - Sting                 Conj/Pois      ##..         10%         1    None
b - Cure Poison           Pois           ###.......   4%          2    ##.....
c - Mephitic Cloud        Conj/Pois/Air  #.......     24%         3    ###....
d - Olgreb's Toxic Radia  Pois           ###.....     30%         4    ####...


Dungeon Overview and Level Annotations

Branches:
Dungeon (3/15)

Altars:
Cheibriados
Pakellas
Sif Muna


Message History

You kill the jackal!
The jackal closely misses you.
You kill the jackal!
The adder misses you. The adder bites you.
You are more poisoned.
The adder poisons you! The jackal barely misses you.
The adder bites you but does no damage. x2
A worm comes into view.
Unknown command.
You feel sick.
You kill the jackal!
The orc hits you from afar with a trident.
The adder bites you. x2
An adder comes into view.
You feel sick.
The orc looks more healthy.
The adder bites you.
* * * LOW HITPOINT WARNING * * *
The orc hits you from afar with a trident.
* * * LOW HITPOINT WARNING * * *
The adder bites you.
You die...

#### ##.. #
##...#...##
#.#.........##
#............#
#............#
#............#
#...††S...#
#..†@S..#
######oo# ..#
w# .S #.


You could see a worm, 3 adders and 2 orcs.

Vanquished Creatures
  3 adders (D:2)
  A dart slug (D:2)
  2 giant geckos (D:2)
  An orc (D:3)
  5 bats
  5 giant cockroaches
  6 goblins
  4 hobgoblins
  14 jackals
  A giant newt (D:2)
  5 kobolds
  5 rats
52 creatures vanquished.

Notes
Turn   | Place    | Note
--------------------------------------------------------------
     0 | D:1      | AlphabetPasta the High Elf Venom Mage began the quest for the Orb.
     0 | D:1      | Reached XP level 1. HP: 11/11 MP: 4/4
   280 | D:1      | Reached XP level 2. HP: 16/18 MP: 2/6
   310 | D:1      | Learned a level 2 spell: Cure Poison
   716 | D:1      | Reached skill level 1 in Fighting
   970 | D:2      | Reached XP level 3. HP: 23/23 MP: 4/8
   975 | D:2      | Learned a level 3 spell: Mephitic Cloud
  1506 | D:2      | Reached XP level 4. HP: 25/28 MP: 2/10
  1562 | D:2      | Learned a level 4 spell: Olgreb's Toxic Radiance
  1741 | D:2      | Found a snail-covered altar of Cheibriados.
  1838 | D:2      | Found an oddly glowing altar of Pakellas.
  1858 | D:2      | Found a deep blue altar of Sif Muna.
  1864 | D:2      | Became a worshipper of Sif Muna the Loreminder
  2199 | D:3      | HP: 1/28 [orc/trident (6)]
  2199 | D:3      | Slain by an adder

Vault maps used:
D:1:      scummos_arrival_forest
D:2:      kennysheep_slug_shrine, overflow_temple_1_default, led_sif_pool,
          first_bread

Skill      XL: |  1  2 |
---------------+-------+-----
Spellcasting   | 3 |  3.8
Fighting       | 1 |  1.2
Throwing       | |  0.4
Dodging        | |  2.1
Stealth        | |  2.1
Air Magic      | |  0.2
Poison Magic   | |  3.9

Action                   |  1- 3 |  4- 6 || total
-------------------------+-------+-------++-------
Melee: Unarmed           |    24 |     3 ||    27
Throw: Javelin           |    12 |       ||    12
 Cast: Sting             |    84 |    17 ||   101
       Cure Poison       |     2 |       ||     2
       Olgreb's Toxic Ra |       |     1 ||     1
  Use: Scroll            |     1 |       ||     1
  Eat: Chunk             |     2 |     2 ||     4
Armor: Robe              |    17 |     4 ||    21
Dodge: Dodged            |    45 |    10 ||    55
